 Dungeon Sprint DCSS version 0.17-a0-1575-g9a29ec8 (webtiles) character file.

0 nuthulu the Cudgeler (level 3, -5/39 HPs)
             Began as a Troll Berserker on July 26, 2015.
             Was a Follower of Trog.
             Killed by nerve-wracking pain
             ... invoked by Grinder
              (9 damage)
             ... in the Dungeon (Sprint VI: "Thunderdome").
             The game lasted 00:00:44 (94 turns).

nuthulu the Cudgeler (Troll Berserker)                Turns: 94, Time: 00:00:44

Health: -5/39      AC:  5    Str: 25    XL:     3   Next: 8%
Magic:  2/2        EV: 11    Int:  3    God:    Trog [*.....]
Gold:   143        SH:  0    Dex: 10    Spells: 0 memorised, 2 levels left

rFire  . . .     SeeInvis .     n - +0 giant spiked club
rCold  . . .     Clarity  .     b - +0 animal skin
rNeg   . . .     SustAt   .     (no shield)
rPois  .         Gourm    +     (helmet restricted)
rElec  .         Spirit   .     (no cloak)
rCorr  .         Warding  .     (gloves unavailable)
rMut   .         NoTele   +     (boots unavailable)
MR     .....                    (no amulet)
Stlth  +.........               (no ring)
                                (no ring)

@: not resistant to hostile enchantments, very unstealthy
A: unfitting armour, claws 3, fast metabolism 3, gourmand, regeneration 2,
shaggy fur 1, tough skin 2
a: Burn Spellbooks, Berserk, Renounce Religion


You were in the Dungeon.
You worshipped Trog.
Trog was aware of your devotion.
You were not hungry.

You visited 1 branch You collected 200 gold pieces.
You spent 57 gold pieces at shops.

Inventory:

Hand weapons
 a - a +0 mace
 n - a +0 giant spiked club (weapon)
Armour
 b - a +0 animal skin (worn)
Magical devices
 j - a wand of cold (5)
 k - a wand of fire (5)
Scrolls
 i - 4 scrolls of blinking
 l - 3 scrolls of fog
Potions
 d - a potion of curing
 e - 3 potions of heal wounds
 f - 4 potions of haste
 g - 2 potions of magic
 h - a potion of berserk rage
 m - a potion of resistance
Comestibles
 c - 2 bread rations


   Skills:
 + Level 3.8 Fighting
 + Level 4.2 Maces & Flails
 + Level 3.8 Dodging


You had 2 spell levels left.
You didn't know any spells.

Dungeon Overview and Level Annotations

Branches:
Dungeon (1/1)

Altars:
Cheibriados
Dithmenos
Fedhas
Gozag
Kikubaaqudgha
Makhleb
Okawaru
Qazlal
Ru
Sif Muna
Trog
Vehumet
Xom
Yredelemnul
Zin
The Shining One
Jiyva
Lugonu

Shops:
D *[%??*?*:[((!!!!

Annotations:
D Grinder


Innate Abilities, Weirdness & Mutations

You are too large for most types of armour.
You have claws for hands.
Your metabolism is lightning-fast.
You like to eat raw meat.
You heal very quickly.
You are covered in fur (AC +1).
You have very tough skin (AC +2).


Message History

Grinder gestures at you. Pain shoots through your body!
Grinder barely misses you.
You hit Grinder.
Grinder is severely wounded.
Grinder gestures at you. You resist with significant effort.
You barely miss Grinder.
Grinder is severely wounded.
Grinder hits you.
You writhe in agony.
Grinder hits you!
You writhe in agony.
You puncture Grinder!
Grinder is almost dead.
Grinder barely misses you. Grinder gestures at you.
Pain shoots through your body!
* * * LOW HITPOINT WARNING * * *
You barely miss Grinder.
Grinder is almost dead.
Grinder gestures at you. Pain shoots through your body!
You die...

#⌠...........⌠#
######.8.........8.##
##∩.__......###......_
###∩........8.# #.8.....
##.............###.......
#⌠..........###...###....
#⌠..........# #.<.# #....
#⌠......5...###...###....
##......@......###.......
###∩........8.# #.8.....
##∩_........###......_
######.8.........8.##
#⌠...........⌠#
###.........###
#........_# #_......._#
#........_#


You could see Grinder.

Vanquished Creatures
  A quasit (D)
  A white imp (D)
2 creatures vanquished.

Notes
Turn   | Place    | Note
--------------------------------------------------------------
     0 | D        | nuthulu the Troll Berserker began the quest for the Orb.
     0 | D        | Reached XP level 1. HP: 22/22 MP: 0/0
     1 | D        | Found a deep blue altar of Sif Muna.
     1 | D        | Found a shimmering altar of Xom.
     2 | D        | Found an iron altar of Okawaru.
     2 | D        | Found an ancient bone altar of Kikubaaqudgha.
     3 | D        | Found a sacrificial altar of Ru.
     4 | D        | Found an opulent altar of Gozag.
     4 | D        | Found Wuigh's Weapon Rack.
     4 | D        | Found Icly's Premium Goods.
     5 | D        | Found Cace's Basic Armour.
     5 | D        | Found Wolep's Miscellaneous Merchandise.
     5 | D        | Round 1.
    12 | D        | Bought a +0 giant spiked club for 57 gold pieces
    19 | D        | Found a shadowy altar of Dithmenos.
    20 | D        | Found Magumaph's Identification Station.
    20 | D        | Found a burning altar of Makhleb.
    20 | D        | Found a stormy altar of Qazlal.
    20 | D        | Found Joatsaojiab's Bee Food.
    21 | D        | Found Ojyf's Advanced Armour.
    21 | D        | Found Nonaorch's Jewellery.
    26 | D        | Noticed a quasit
    28 | D        | Found a glowing golden altar of the Shining One.
    29 | D        | Found a viscous altar of Jiyva.
    30 | D        | Found a blossoming altar of Fedhas.
    33 | D        | Killed a quasit
    33 | D        | Reached skill level 3 in Fighting
    33 | D        | Reached skill level 4 in Maces & Flails
    33 | D        | Reached XP level 2. HP: 25/31 MP: 1/1
    43 | D        | Found Cunapump's Magic Scroll Shop.
    44 | D        | Found Etips's Magic Scroll Shop.
    44 | D        | Found Zimoesy's Must-Have Magic.
    45 | D        | Found a bloodstained altar of Trog.
    45 | D        | Found a snail-covered altar of Cheibriados.
    45 | D        | Found Vegexo's Staff Store.
    49 | D        | Found a corrupted altar of Lugonu.
    50 | D        | Found a basalt altar of Yredelemnul.
    51 | D        | Found a glowing silver altar of Zin.
    52 | D        | Found Nigunyva's Distillery.
    52 | D        | Found a radiant altar of Vehumet.
    52 | D        | Found Qeamola's Do-It-Yourself Clinic.
    53 | D        | Found Uzoybb's Distillery.
    53 | D        | Found Hicvua Bezae's Bottled Wisdom.
    65 | D        | Reached XP level 3. HP: 29/39 MP: 2/2
    70 | D        | Noticed Grinder
    70 | D        | Paralysed by Grinder for 7 turns
    88 | D        | HP: 1/39 [Grinder (8)]
    94 | D        | Killed from afar by Grinder

Vault maps used:
D:        arena_sprint

Action                   || total
-------------------------++-------
Melee: Giant spiked club ||    15
  Use: Potion            ||     1
